 Dungeon Crawl Stone Soup version 0.31.0-32-g396128a36d (webtiles) character file.

Game seed: 9720604171394638384

30 jagang the Slasher (level 3, -2/29 HPs)
             Began as a Human Monk on Mar 12, 2024.
             Slain by a quokka (4 damage)
             ... on level 2 of the Dungeon.
             The game lasted 00:02:05 (1235 turns).

jagang the Slasher (Human Monk)                     Turns: 1235, Time: 00:02:06

Health: -2/29      AC:  8    Str: 11    XL:     3   Next: 18%
Magic:  3/3        EV:  6    Int: 10    God:
Gold:   86         SH:  0    Dex: 17    Spells: 2/2 levels left

rFire   . . .        a - +0 falchion
rCold   . . .        d - orb {light}
rNeg    . . .        j - +0 chain mail
rPois   .            i - +0 hat
rElec   .            (no cloak)
rCorr   .            (no gloves)
SInv    .            (no boots)
Will    +....        (no amulet) Stlth
                     g - ring of willpower
HPRegen 0.24/turn    (no ring)
MPRegen 0.08/turn

%: no passive effects
@: glowing
A: explore regen
a: no special abilities


You were on level 2 of the Dungeon.
You visited 1 branch of the dungeon, and saw 2 of its levels.

You collected 86 gold pieces.

Inventory:

Hand Weapons
 a - a +0 falchion (weapon)
Missiles
 e - 4 poisoned darts (quivered)
 l - 4 boomerangs
Armour
 d - an orb of light (worn)
 i - a +0 hat (worn)
 j - a +0 chain mail (worn)
Jewellery
 g - a ring of willpower (left hand)
 m - an amulet of guardian spirit
Scrolls
 b - a scroll of identify {unknown}
 f - a scroll of vulnerability {unknown}
 k - a scroll of teleportation {unknown}
Potions
 c - a potion of ambrosia
 h - a potion of resistance {unknown}


   Skills:
 + Level 3.3 Fighting
 * Level 3.6 Long Blades
 + Level 0.3 Throwing
 + Level 1.0 Armour
 - Level 3.0 Dodging


You had 2 spell levels left.
You didn't know any spells.
Your spell library contained the following spells:

 Spells                   Type           Power      Damage    Failure   Level
 Mercury Vapours          Alch/Air       0%         N/A       100%        2
 Mephitic Cloud           Conj/Alch/Air  0%         N/A       100%        3
 Freezing Cloud           Conj/Ice/Air   0%         6-21      100%        5
 Chain Lightning          Conj/Air       0%         N/A       100%        9
 Fire Storm               Conj/Fire      0%         5d1       100%        9
 Shatter                  Erth           0%         3d5*      100%        9


Dungeon Overview and Level Annotations

Branches:
Dungeon (2/15)

Altars:


Innate Abilities, Weirdness & Mutations

You regain HP and MP as you explore.


Message History

The quokka bites you. The ribbon worm barely misses you.
The quokka barely misses you.
You slash the ribbon worm!
The ribbon worm is severely wounded.
The ribbon worm bites you.
The quokka bites you but does no damage.
You hit the ribbon worm.
The ribbon worm is almost dead.
The quokka bites you but does no damage.
The ribbon worm expels a string of sticky webbing.
The stream of webbing hits you but does no damage.
You are caught in a web!
You struggle to detach yourself from the web.
The quokka bites you but does no damage.
The ribbon worm bites you.
The quokka bites you but does no damage.
The web tears apart.
The quokka bites you but does no damage.
The ribbon worm bites you but does no damage.
You hit the ribbon worm.
The ribbon worm is almost dead.
The quokka bites you.
* * * LOW HITPOINT WARNING * * *
You hit the ribbon worm but do no damage.
The ribbon worm is almost dead.
The ribbon worm bites you.
* * * LOW HITPOINT WARNING * * *
The quokka barely misses you.
You hit the ribbon worm.
The ribbon worm is almost dead.
The quokka barely misses you. The ribbon worm closely misses you.
The quokka barely misses you.
You hit the ribbon worm.
You kill the ribbon worm!
The quokka bites you.
* * * LOW HITPOINT WARNING * * *
You closely miss the quokka.
The quokka bites you but does no damage.
You hit the quokka but do no damage. The quokka bites you.
You die...

#........$# #......>..#
#.....$...#
#.........###
#...........######
#................
#.....†r..#....#
#...[..@.......#########
#.......................
##........:..........)..
#.......................
#....................)..
#........<........##..#.
#..............#...#....
#.......................
#......................


You could see a quokka.

Vanquished Creatures
  2 ribbon worms (D:2)
  A bat (D:2)
  An endoplasm (D:2)
  4 goblins
  6 hobgoblins
  2 quokkas (D:1)
  2 ball pythons
  A frilled lizard (D:1)
  2 kobolds
  A rat (D:1)
22 creatures vanquished.

Notes
Turn   | Place    | Note
-------+----------+-------------------------------------------
     0 | D:1      | jagang the Human Monk began the quest for the Orb.
     0 | D:1      | Reached XP level 1. HP: 18/18 MP: 1/1
   229 | D:1      | Reached XP level 2. HP: 20/24 MP: 2/2
   984 | D:2      | Reached skill level 1 in Armour
  1015 | D:2      | Reached XP level 3. HP: 27/29 MP: 3/3
  1233 | D:2      | HP: 1/29 [quokka (3)]
  1235 | D:2      | Slain by a quokka

Illustrated notes

Levels and vault maps discovered:
D:1:      dpeg_arrival_line_fractal, layout_basic,
          chequers_serial_rivers_small_b, nicolae_concentric_dashed_squares_mild
D:2:      layout_rooms, basic_altar, grunt_decor_arrowhead

Skill      XL: |  1  2 |
---------------+-------+-----
Armour         | 1 |  1.0
Fighting       | |  3.3
Long Blades    | |  3.6
Throwing       | |  0.3
Dodging        | |  3.0

Action                     || total
---------------------------++-------
  Melee: Falchion          ||    72
 Armour: Robe              ||    12
         Chain mail        ||    43
         Ring mail         ||     7
  Dodge: Dodged            ||    43
